AoeStats
← xViniB

Black Forest

507692107Analyzed
2v2 RM · 13d ago on Sep 19, 2026· 38m 23s· 4 players
Game mode
Random Map
Map size
Medium (4 player)
Population
200
Speed
Normal
Resources
Standard
Victory
Conquest
Starting age
Dark Age
Ending age
Imperial Age
RankedLock teamsTeams togetherTeam positionsShared explorationLock speedFull tech treeHidden civsTurbo modeCheats
Victory
Defeat
🇨🇳 Portuguese · China
1063
+14
🇫🇮 Romans · Finland
1045
+15
🇦🇺 Goths · Australia
1025
-15
🇦🇺 Bohemians · Australia
1003
-14
xXTiroNoChakraXx
0:29 Loom
16:26 Feudal Age
22:15 Castle Age
20:52 Double-Bit Axe
21:45 Horse Collar
26:15 Wheelbarrow
26:59 Fervor
32:57 Imperial Age
31:07 Town Watch
31:45 Bow Saw
33:12 Chemistry
32:34 Ballistics
33:28 Hand Cart
35:29 Two-Man Saw
xViniB
1:21 Loom
14:29 Feudal Age
15:50 Wheelbarrow
22:51 Castle Age
26:05 Double-Bit Axe
32:52 Imperial Age
31:19 Gold Mining
34:48 Caravan
34:59 Squires
35:02 Anarchy
36:43 Conscription
37:12 Perfusion
38:12 Bow Saw
38:30 Hand Cart
Faceless
0:29 Loom
15:15 Feudal Age
19:09 Castle Age
17:34 Horse Collar
20:28 Double-Bit Axe
29:55 Wheelbarrow
34:10 Imperial Age
32:30 Heavy Plow
33:04 Squires
32:24 Man-at-Arms
33:05 Scale Mail Armor
33:15 Forging
33:41 Long Swordsman
34:26 Onager
35:37 Chain Mail Armor
35:58 Iron Casting
35:53 Legionary
38:08 Blast Furnace
38:58 Conscription
rower56
1:01 Loom
18:16 Feudal Age
19:07 Horse Collar
19:13 Double-Bit Axe
23:10 Castle Age
25:08 Fervor
24:50 Fishing Lines
29:17 Imperial Age
27:30 Gillnets
29:01 Fortified Wall
29:11 Ballistics
29:59 Bow Saw
29:54 Heavy Plow
30:56 Conscription
30:51 Crossbowman
31:01 Man-at-Arms
31:26 Gambesons
31:30 Arson
33:50 Wheelbarrow
34:40 Two-Man Saw
34:39 Hand Cart
34:28 Arbalester
35:14 Thumb Ring
36:42 Chemistry
35:45 Long Swordsman
36:51 Guilds
36:50 Thumb Ring
36:49 Fletching
37:06 Scale Mail Armor
37:46 Siege Engineers
38:54 Masonry
38:39 Murder Holes
39:03 Block Printing
39:00 Redemption
39:25 Theocracy
Connection lost

Rejoining the realm…

Still unreachable

The connection could not be restored.

Session expired

The server has moved on; the page needs a fresh start.